 Dungeon Crawl Stone Soup version 0.27-a0-1113-gb2b6fe9c5e (webtiles) character file.

Game seed: 15535695387465116568

288675 Froggeryz the Unseen (level 20, -8/160 HPs)
             Began as a Gnoll Delver on Apr 29, 2021.
             Was the Champion of Okawaru.
             Mangled by a vault warden
             ... wielding a +1 bardiche of protection
              (42 damage)
             ... on level 2 of the Vaults on Apr 30, 2021.
             The game lasted 01:46:56 (45272 turns).

Froggeryz the Unseen (Gnoll Delver)                Turns: 45272, Time: 01:46:57

Health: -8/160     AC: 15    Str: 15    XL:     20   Next: 70%
Magic:  37/37      EV: 23    Int: 14    God:    Okawaru [******]
Gold:   4123       SH: 11    Dex: 22    Spells: 36/46 levels left

rFire    + + .     SeeInvis .   M - +9 quick blade (flame)
rCold    . . .     Faith    .   D - +3 buckler of the Spheres {Fly}
rNeg     . . .     Spirit   .   E - +0 troll leather armour of Loafi {rElec Regen+ rCorr Dex+7}
rPois    +         Reflect  .   Z - +0 hat of the Snail {rF++}
rElec    +         Harm     .   Q - +0 cloak {rPois}
rCorr    +         Rampage  +   w - +2 pair of gloves {archery}
Will     ++...                  R - +2 pair of boots {rampage}
Stlth    ++++++....             p - amulet of regeneration
HPRegen  2.36/turn              L - ring of willpower
MPRegen  0.25/turn              Y - +4 ring of slaying

@: flying
A: fangs 1, strong nose, distributed training
}: 2/15 runes: decaying, serpentine
a: Renounce Religion, Heroism, Finesse


You were on level 2 of the Vaults.
You worshipped Okawaru.
Okawaru was exalted by your worship.
You visited 8 branches of the dungeon, and saw 33 of its levels.
You visited the Abyss 1 time.
You also visited: Trove, Gauntlet and Volcano.

You collected 6363 gold pieces.
You spent 2240 gold pieces at shops.

Inventory:

Hand Weapons
 M - a +9 quick blade of flaming (weapon)
Missiles
 r - 8 curare-tipped darts
 T - 25 silver javelins (quivered)
Armour
 u - the +1 helmet "Giuzurgh" {rCorr Dex+4}
   (You found it on level 3 of the Swamp)

   It affects your dexterity (+4).
   It protects you from acid and corrosion.
 w - a +2 pair of gloves of archery (worn)
 D - the +3 buckler of the Spheres (worn) {Fly}
   (You found it in a treasure trove)

   It grants you flight.
 E - the +0 troll leather armour of Loafi (worn) {rElec Regen+ rCorr Dex+7}
   (You found it in a treasure trove)

   It affects your dexterity (+7).
   It insulates you from electricity.
   It increases your rate of health regeneration.
   It protects you from acid and corrosion.
 O - a scarf of resistance
 Q - a +0 cloak of poison resistance (worn)
 R - a +2 pair of boots of rampaging (worn)
 Z - the +0 hat of the Snail (worn) {rF++}
   (You found it in a volcano)

   It greatly protects you from fire.
Jewellery
 n - the ring "Laicvigioh" {Str+2 Int+6 Dex+4 SInv}
   (You found it in a treasure trove)

   [ring of intelligence]

   It affects your strength (+2).
   It affects your intelligence (+6).
   It affects your dexterity (+4).
   It lets you see invisible.
 p - an amulet of regeneration (around neck)
 y - a ring of wizardry
 C - the ring "Luegaqea" {rC+ AC+4 Dex+6}
   (You found it in a Gauntlet)

   [ring of protection]

   It affects your AC (+4).
   It affects your dexterity (+6).
   It protects you from cold.
 J - a ring of resist corrosion
 L - a ring of willpower (left hand)
 W - a ring of wizardry
 X - a ring of protection from fire
 Y - a +4 ring of slaying (right hand)
Wands
 g - a wand of digging (20)
 h - a wand of iceblast (39)
 q - a wand of mindburst (19)
 t - a wand of acid (12)
 v - a wand of flame (146)
 x - a wand of paralysis (14)
 S - a wand of charming (4)
Scrolls
 b - 18 scrolls of teleportation
 c - 2 scrolls of fog
 d - 13 scrolls of magic mapping
 s - a scroll of summoning
 z - 4 scrolls of enchant armour
 B - 4 scrolls of fear
 F - 2 scrolls of immolation
 G - a scroll of enchant weapon
 K - a scroll of brand weapon
 N - 5 scrolls of silence
 U - a scroll of amnesia
Potions
 a - 13 potions of curing
 e - 7 potions of lignification
 f - 9 potions of haste
 i - 8 potions of mutation
 j - 2 potions of berserk rage
 k - 7 potions of brilliance
 l - 7 potions of attraction
 o - 5 potions of magic
 A - a potion of invisibility
 H - 2 potions of cancellation
 I - a potion of resistance
 P - 5 potions of might


   Skills:
 + Level 14.7 Fighting
 + Level 13.5 Short Blades
 + Level 13.5 Long Blades
 + Level 13.5 Axes
 + Level 14.1 Maces & Flails
 + Level 13.5 Polearms
 + Level 13.5 Staves
 + Level 13.5 Slings
 + Level 13.5 Bows
 + Level 13.5 Crossbows
 + Level 13.5 Throwing
 + Level 13.5 Armour
 + Level 14.1 Dodging
 + Level 15.9 Stealth
 + Level 13.5 Shields
 + Level 13.5 Unarmed Combat
 + Level 13.5 Spellcasting
 + Level 11.6 Conjurations
 + Level 11.6 Hexes
 + Level 11.6 Summonings
 + Level 11.6 Necromancy
 + Level 11.6 Translocations
 + Level 11.6 Transmutations
 + Level 11.6 Fire Magic
 + Level 11.6 Ice Magic
 + Level 11.6 Air Magic
 + Level 11.6 Earth Magic
 + Level 11.6 Poison Magic
 + Level 14.6 Invocations
 + Level 13.5 Evocations


You had 36 spell levels left.
You knew the following spells:

 Your Spells              Type           Power      Damage    Failure   Level
a - Call Imp              Summ           42%        N/A       1%          2
b - Ensorcelled Hibernat  Hex/Ice        84%        N/A       1%          2
c - Blink                 Tloc           N/A        N/A       1%          2
d - Apportation           Tloc           84%        N/A       1%          1
e - Frozen Ramparts       Ice            84%        1d10      1%          3

Your spell library contained the following spells:

 Spells                   Type           Power      Damage    Failure   Level
 Animate Skeleton         Necr           84%        N/A       1%          1
 Beastly Appendage        Tmut           84%        N/A       1%          1
 Corona                   Hex            46%        N/A       1%          1
 Freeze                   Ice            100%       1d11      1%          1
 Magic Dart               Conj           100%       1d8       1%          1
 Shock                    Conj/Air       100%       1d9       1%          1
 Summon Small Mammal      Summ           100%       N/A       1%          1
 Searing Ray              Conj           84%        3d6       1%          2
 Slow                     Hex            42%        N/A       1%          2
 Sublimation of Blood     Necr           21%        N/A       1%          2
 Wereblood                Tmut           42%        N/A       1%          2
 Call Canine Familiar     Summ           42%        N/A       1%          3
 Confusing Touch          Hex            42%        N/A       1%          3
 Conjure Flame            Conj/Fire      42%        6-21      1%          3
 Dazzling Flash           Conj/Hex       84%        N/A       1%          3
 Ignite Poison            Fire/Tmut/Pois 42%        N/A       1%          3
 Mephitic Cloud           Conj/Pois/Air  42%        N/A       1%          3
 Ozocubu's Armour         Ice            42%        N/A       1%          3
 Spider Form              Tmut/Pois      21%        N/A       1%          3
 Summon Guardian Golem    Hex/Summ       42%        N/A       1%          3
 Tukima's Dance           Hex            42%        N/A       1%          3
 Animate Dead             Necr           21%        N/A       1%          4
 Fulminant Prism          Conj/Hex       21%        3d13      1%          4
 Hailstorm                Conj/Ice       42%        3d10      1%          4
 Ice Form                 Ice/Tmut       42%        N/A       1%          4
 Iskenderun's Mystic Bla  Conj/Tloc      42%        2d10      1%          4
 Petrify                  Tmut/Erth      42%        N/A       1%          4
 Summon Ice Beast         Ice/Summ       42%        N/A       1%          4
 Summon Lightning Spire   Summ/Air       42%        N/A       1%          4
 Alistair's Intoxication  Tmut/Pois      28%        N/A       1%          5
 Bolt of Magma            Conj/Fire/Erth 21%        4d11      1%          5
 Borgnjor's Vile Clutch   Necr/Erth      21%        N/A       1%          5
 Hydra Form               Tmut           21%        N/A       1%          5
 Irradiate                Conj/Tmut      21%        3d20      1%          5
 Iskenderun's Battlesphe  Conj           42%        2d9       1%          5
 Metabolic Englaciation   Hex/Ice        21%        N/A       1%          5
 Summon Mana Viper        Hex/Summ       42%        N/A       1%          5
 Death Channel            Necr           21%        N/A       11%         6
 Eringya's Noxious Bog    Tmut/Pois      21%        N/A       11%         6
 Iron Shot                Conj/Erth      21%        9d5       11%         6
 Simulacrum               Ice/Necr       21%        N/A       11%         6
 Orb of Destruction       Conj           21%        9d9       52%         7
 Spellforged Servitor     Conj/Summ      21%        N/A       52%         7
 Dragon's Call            Summ           21%        N/A       100%        9


Dungeon Overview and Level Annotations

Branches:
Dungeon (13/15)            Temple (1/1) D:4            Lair (6/6) D:8
  Swamp (4/4) Lair:4        Snake (4/4) Lair:3        Slime (0/5) Lair:6
    Orc (2/2) D:10            Elf (1/3) Orc:2        Vaults (2/5) D:13
Volcano (visited)         Gauntlet (visited)
  Crypt: Vaults:2-3

Altars:
Ashenzari
Cheibriados
Dithmenos
Elyvilon
Fedhas
Hepliaklqana
Kikubaaqudgha
Makhleb
Nemelex Xobeh
Okawaru
Qazlal
Ru
Sif Muna
Trog
Uskayaw
Vehumet
Xom
Yredelemnul
Zin
The Shining One
Beogh
Jiyva

Shops:
D:2 ?   D:6 *   D:8 ?   D:9 ?[:(!   Orc:2 !:?[?*   Snake:2 !=   Snake:3 ==
Snake:4 ?   Vaults:2 *

Annotations:
D:7 1 runed translucent door
Lair:2 exclusion: 4 oklob plants
Lair:6 1 runed translucent door
Orc:1 1 runed translucent door, exclusion: orange crystal statue


Innate Abilities, Weirdness & Mutations

You have very sharp teeth.
Your uncanny sense of smell can sniff out nearby items.
Your experience applies equally to all skills.


Message History

You hit the vault warden but do no damage.
The vault warden is heavily wounded.
You block the vault warden's attack.
You hit the vault warden but do no damage.
You bite the vault warden.
The vault warden is heavily wounded.
You puncture the vault warden! You burn the vault warden.
The vault warden is heavily wounded.
You hit the vault warden but do no damage.
The vault warden is heavily wounded.
You hit the vault warden but do no damage.
The vault warden is heavily wounded.
The vault warden hits you but does no damage.
You closely miss the vault warden.
You bite the vault warden, but do no damage.
The vault warden is heavily wounded.
You puncture the vault warden! You burn the vault warden.
You bite the vault warden, but do no damage.
The vault warden is severely wounded.
You hit the vault warden but do no damage.
The vault warden is severely wounded.
You block the vault warden's attack.
You hit the vault warden. You burn the vault warden.
The vault warden is severely wounded.
You closely miss the vault warden. Your bite misses the vault warden.
The vault warden is severely wounded.
You hit the vault warden but do no damage.
The vault warden is severely wounded.
The vault warden hits you but does no damage.
You hit the vault warden but do no damage.
The vault warden is severely wounded.
You puncture the vault warden! You burn the vault warden.
You bite the vault warden.
The vault warden is almost dead.
You hit the vault warden. You burn the vault warden.
The vault warden is almost dead.
You hit the vault warden but do no damage.
The vault warden is almost dead.
The vault warden hits you with a +1 bardiche of protection!!!
You die...

#.......########.................
#.......#......#.................
#.......#......#.................
#.......#......#.................
#.......#......#.................
#.......#......+.................
#.......#......#........########.
#.......#......#........# #.
#.......#......#@.......# #.
#.......#......#p.......# #.
#.......#......#........# +.
#.......#......#........# #.
#.......#......#........# #.
#.......#......#........# #.
#.......########........# #.
#.......................# #.
#...............(.......########.


You could see a vault warden.

Vanquished Creatures
  Bai Suzhen (Snake:4)
  Vashnia (Snake:3)
  Nikola (Snake:3)
  2 tentacled starspawn (Abyss:3)
  The ghost of Essalna the Earth Mage, an adept GrEE of Vehumet (Swamp:3)
  Kirke (D:13)
  4 thorn hunters
  9 nagarajas
  2 fenstrider witches
  3 vault wardens
  3 orc warlords
  2 ghouls
  4 very ugly things (Vaults:2)
  4 ironbound preservers
  A war gargoyle (Vaults:1)
  Nessos (D:13)
  A minotaur (Gauntlet)
  3 dire elephants
  2 entropy weavers
  7 bunyips
  4 eleionomae
  A fire dragon (Lair:6)
  Josephine (Lair:5)
  3 yaktaur captains
  A great orb of eyes (Vaults:1)
  3 boulder beetles
  5 ironbound thunderhulks
  28 hydras
  2 salamander tyrants (Snake:4)
  6 vault guards
  A rakshasa (D:13)
  3 centaur warriors (D:13)
  11 naga warriors
  A satyr (Abyss:3)
  4 two-headed ogres
  3 catoblepae (Lair:5)
  6 death yaks
  5 ironbound frosthearts
  A death knight (D:13)
  An ogre mage (Vaults:2)
  11 anacondas
  A hell hog (Gauntlet)
  A tengu warrior (D:13)
  7 alligators
  3 thrashing horrors (Abyss:3)
  7 shock serpents
  2 ironbound beastmasters
  An orc high priest (Orc:2)
  A sun demon (Volcano)
  A hell knight (Volcano)
  22 naga sharpshooters
  11 salamander mystics
  A wretched star (Abyss:3)
  2 spatial maelstroms (Abyss:3)
  13 deep trolls
  10 goliath frogs
  2 sixfirhies (Gauntlet)
  2 sea snakes (Snake:2)
  11 swamp dragons
  6 naga ritualists
  5 spriggan druids
  2 starcursed masses (Abyss:3)
  6 bog bodies
  A wizard (Vaults:1)
  2 phantasmal warriors (Vaults:1)
  6 ironbound convokers
  9 mana vipers
  An orc sorcerer (Orc:1)
  4 lindwurms
  10 orc knights
  11 ugly things
  2 oklob plants
  2 deep elf zephyrmancers (Elf:1)
  7 cyclopes
  19 salamanders
  2 will-o-the-wisps (Swamp:1)
  A moth of wrath (Swamp:3)
  36 black mambas
  5 vault sentinels
  18 naga magi
  4 guardian serpents (Snake:4)
  An apocalypse crab (Abyss:3)
  2 gargoyles
  Maurice (D:9)
  15 elephants
  10 cane toads
  2 molten gargoyles (Lair:6)
  2 torpor snails
  9 komodo dragons
  Maggie (D:7)
  4 rime drakes
  2 efreet (D:13)
  3 unseen horrors
  16 yaktaurs
  An ancient zyme (Abyss:3)
  A troll (shapeshifter) (Abyss:3)
  A polar bear (Lair:6)
  A meliai (D:13)
  4 trolls
  A red devil (Volcano)
  A bloated husk (Swamp:1)
  10 hornets
  13 tyrant leeches
  24 slime creatures
  31 blink frogs
  A redback (Vaults:1)
  3 shadows
  Sigmund (D:2)
  A ynoxinul (Abyss:3)
  12 spriggans
  8 wyverns
  4 water elementals (D:10)
  9 wraiths
  A human (D:13)
  3 fire bats (Gauntlet)
  39 yaks
  A golden eye (shapeshifter) (D:13)
  2 hogs (D:13)
  5 basilisks
  2 steam dragons
  8 vampire mosquitoes
  Edmund (D:5)
  Menkaure (D:7)
  9 wargs
  49 nagas
  4 acid dragons
  10 swamp worms
  Duvessa (D:7)
  8 hell hounds
  16 water moccasins
  2 small abominations (Abyss:3)
  A hornet zombie (D:7)
  4 black bears
  54 orc warriors
  A sky beast (D:6)
  2 necrophages
  8 swamp drakes (Swamp:4)
  7 ogres
  12 wolves
  5 centaurs
  7 killer bees
  A phantom (D:6)
  3 kobold brigands
  13 bullfrogs
  A gnoll sergeant (D:9)
  6 scorpions
  Dowan (D:7)
  A water moccasin zombie (D:6)
  3 wights (D:10)
  2 howler monkeys
  A bullfrog zombie (D:6)
  2 electric eels
  A crimson imp (Abyss:3)
  5 lava snakes (Lair:6)
  2 jellies
  5 centaur zombies
  4 hounds
  Crazy Yiuf (D:4)
  12 orc priests
  A bullfrog skeleton (D:6)
  2 iguanas (D:5)
  27 orc wizards
  Natasha (thrice) (D:2)
  3 killer bee zombies
  5 adders
  16 gnolls
  3 howler monkey skeletons
  2 shadow imps
  2 white imps
  6 dart slugs (D:3)
  136 orcs
  7 endoplasms
  2 giant cockroaches
  7 hobgoblins
  25 kobolds
  7 quokkas
  6 ball pythons
  6 bats
  4 frilled lizards
  9 goblins
  4 rats
  2 briar patches (Swamp:4)
  A butterfly (Lair:3)
1219 creatures vanquished.

Vanquished Creatures (collateral kills)
  A salamander mystic (Snake:4)
  A black mamba (Snake:4)
  A komodo dragon (Lair:1)
  A yak (D:8)
  2 nagas (Snake:4)
  A water moccasin (Lair:1)
  2 bullfrogs
  An orc priest (D:7)
  An orc wizard (D:7)
11 creatures vanquished.

Vanquished Creatures (others)
  2 naga warriors (Snake:4)
  An alligator (Swamp:4)
  An anaconda (Snake:4)
  A shock serpent (Snake:4)
  2 bog bodies (Swamp:1)
  A naga ritualist (Snake:4)
  A wolf spider simulacrum (D:13)
  A water moccasin (Lair:1)
  3 yaks
  A naga (Snake:4)
  A black bear (shapeshifter) (D:13)
  2 killer bees (D:7)
  2 briar patches (Swamp:4)
  24 demonic plants (Gauntlet)
  8 foxfires (Swamp:1)
  30 fungi
  59 plants
  4 starspawn tentacles (Abyss:3)
144 creatures vanquished.

Grand Total: 1374 creatures vanquished

Notes
Turn   | Place    | Note
-------+----------+-------------------------------------------
     0 | D:5      | Reached skill level 9 in Stealth
     0 | D:5      | Froggeryz the Gnoll Delver began the quest for the Orb.
     0 | D:5      | Reached XP level 1. HP: 23/23 MP: 1/1
   169 | D:4      | Reached XP level 2. HP: 18/29 MP: 2/2
   296 | D:3      | Found a shadowy altar of Dithmenos.
   531 | D:3      | Reached XP level 3. HP: 30/35 MP: 3/3
   656 | D:3      | Reached skill level 1 in Invocations
  1353 | D:2      | Found an iron altar of Okawaru.
  1354 | D:2      | Noticed Sigmund
  1371 | D:2      | Killed Sigmund
  1372 | D:2      | Reached skill level 1 in Short Blades
  1372 | D:2      | Reached skill level 1 in Long Blades
  1372 | D:2      | Reached skill level 1 in Axes
  1372 | D:2      | Reached skill level 1 in Polearms
  1372 | D:2      | Reached skill level 1 in Staves
  1372 | D:2      | Reached skill level 1 in Slings
  1372 | D:2      | Reached skill level 1 in Bows
  1372 | D:2      | Reached skill level 1 in Crossbows
  1372 | D:2      | Reached skill level 1 in Throwing
  1372 | D:2      | Reached skill level 1 in Armour
  1372 | D:2      | Reached skill level 1 in Shields
  1372 | D:2      | Reached skill level 1 in Unarmed Combat
  1372 | D:2      | Reached skill level 1 in Spellcasting
  1372 | D:2      | Reached skill level 1 in Conjurations
  1372 | D:2      | Reached skill level 1 in Hexes
  1372 | D:2      | Reached skill level 1 in Summonings
  1372 | D:2      | Reached skill level 1 in Necromancy
  1372 | D:2      | Reached skill level 1 in Translocations
  1372 | D:2      | Reached skill level 1 in Transmutations
  1372 | D:2      | Reached skill level 1 in Fire Magic
  1372 | D:2      | Reached skill level 1 in Ice Magic
  1372 | D:2      | Reached skill level 1 in Air Magic
  1372 | D:2      | Reached skill level 1 in Earth Magic
  1372 | D:2      | Reached skill level 1 in Poison Magic
  1372 | D:2      | Reached skill level 1 in Evocations
  1372 | D:2      | Reached XP level 4. HP: 7/41 MP: 4/6
  1372 | D:2      | Reached XP level 5. HP: 9/47 MP: 4/7
  1374 | D:2      | Became a worshipper of Warmaster Okawaru
  1975 | D:1      | Found a faded altar of an unknown god.
  2076 | D:1      | Reached XP level 6. HP: 53/53 MP: 8/8
  2982 | D:2      | Noticed Natasha
  2987 | D:2      | Killed Natasha
  3011 | D:2      | Noticed a necrophage
  3023 | D:2      | Killed a necrophage
  3024 | D:2      | Reached skill level 5 in Maces & Flails
  3024 | D:2      | Reached skill level 5 in Dodging
  3259 | D:2      | Noticed Natasha
  3266 | D:2      | Killed Natasha
  3341 | D:2      | Noticed Natasha
  3351 | D:2      | Killed Natasha
  3510 | D:2      | Found Neolun's Magic Scroll Shoppe.
  3515 | D:2      | Bought a scroll of blinking for 97 gold pieces
  3898 | D:2      | Reached XP level 7. HP: 31/59 MP: 10/10
  4325 | D:3      | Found a hazy altar of Hepliaklqana.
  4326 | D:3      | Found a faded altar of an unknown god.
  4326 | D:3      | Found a faded altar of an unknown god.
  4327 | D:3      | Found a faded altar of an unknown god.
  5031 | D:3      | Reached * piety under Okawaru
  5309 | D:4      | Found a sacrificial altar of Ru.
  5337 | D:4      | Found an ancient bone altar of Kikubaaqudgha.
  5452 | D:4      | Reached skill level 10 in Stealth
  5452 | D:4      | Noticed a yak
  5454 | D:4      | Noticed a yak
  5457 | D:4      | Noticed a yak
  5477 | D:4      | Noticed a yak
  5491 | D:3      | Killed a yak
  5491 | D:3      | Reached ** piety under Okawaru
  5492 | D:3      | Reached XP level 8. HP: 29/67 MP: 12/12
  5725 | D:4      | Found a glowing golden altar of the Shining One.
  5871 | D:4      | Found a staircase to the Ecumenical Temple.
  5878 | Temple   | Entered the Ecumenical Temple
  6030 | D:4      | Found a runed translucent door.
  6031 | D:4      | Noticed Crazy Yiuf
  6117 | D:4      | Killed a yak
  6128 | D:4      | Killed a yak
  6137 | D:4      | Killed a yak
  6521 | D:4      | Killed Crazy Yiuf
  7157 | D:5      | Found a radiant altar of Vehumet.
  7224 | D:5      | Reached XP level 9. HP: 72/72 MP: 14/14
  7580 | D:5      | Reached *** piety under Okawaru
  7744 | D:5      | Found a burning altar of Makhleb.
  7804 | D:5      | Noticed Edmund
  7823 | D:5      | Killed Edmund
  8934 | D:6      | Reached skill level 5 in Invocations
  9031 | D:6      | Found Jikhyrupp's Assorted Antiques.
  9234 | D:6      | Reached **** piety under Okawaru
  9490 | D:6      | Bought 2 scrolls labelled HUKKEEPLAPN for 64 gold pieces
  9490 | D:6      | Bought a scroll labelled BAURAXOMUOT for 32 gold pieces
  9490 | D:6      | Bought a scroll labelled LAONIYMAUN for 32 gold pieces
  9490 | D:6      | Bought a murky pink potion for 28 gold pieces
  9490 | D:6      | Bought an orange potion for 28 gold pieces
  9491 | D:6      | Acquired a ring of wizardry
  9497 | D:6      | Learned a level 2 spell: Call Imp
  9652 | D:7      | Reached XP level 10. HP: 80/80 MP: 17/17
  9738 | D:7      | Reached skill level 5 in Short Blades
  9738 | D:7      | Reached skill level 5 in Long Blades
  9738 | D:7      | Reached skill level 5 in Axes
  9738 | D:7      | Reached skill level 5 in Polearms
  9738 | D:7      | Reached skill level 5 in Staves
  9738 | D:7      | Reached skill level 5 in Slings
  9738 | D:7      | Reached skill level 5 in Bows
  9738 | D:7      | Reached skill level 5 in Crossbows
  9738 | D:7      | Reached skill level 5 in Throwing
  9738 | D:7      | Reached skill level 5 in Armour
  9738 | D:7      | Reached skill level 5 in Shields
  9738 | D:7      | Reached skill level 5 in Unarmed Combat
  9738 | D:7      | Reached skill level 5 in Spellcasting
  9738 | D:7      | Reached skill level 5 in Evocations
  9832 | D:7      | Noticed Duvessa
  9833 | D:7      | Noticed Menkaure
  9835 | D:7      | Noticed Dowan
  9858 | D:7      | Killed Duvessa
  9864 | D:7      | Killed Menkaure
  9872 | D:7      | Killed Dowan
  9919 | D:7      | Noticed a sixfirhy
  9924 | D:7      | Found a runed translucent door.
 10053 | D:7      | Noticed Maggie
 10061 | D:7      | Killed Maggie
 10386 | D:8      | Reached ***** piety under Okawaru
 10833 | D:8      | Found Wapres's Magic Scroll Boutique.
 10848 | D:8      | Found a staircase to the Lair.
 10855 | D:8      | Received a gift from Okawaru
 10871 | D:8      | Reached skill level 11 in Stealth
 11103 | Lair:1   | Entered Level 1 of the Lair of Beasts
 11174 | Lair:1   | Noticed a cane toad
 11177 | Lair:1   | Killed a cane toad
 11267 | Lair:1   | Reached XP level 11. HP: 56/87 MP: 19/19
 11855 | Lair:2   | Reached skill level 5 in Conjurations
 11855 | Lair:2   | Reached skill level 5 in Hexes
 11855 | Lair:2   | Reached skill level 5 in Summonings
 11855 | Lair:2   | Reached skill level 5 in Necromancy
 11855 | Lair:2   | Reached skill level 5 in Translocations
 11855 | Lair:2   | Reached skill level 5 in Transmutations
 11855 | Lair:2   | Reached skill level 5 in Fire Magic
 11855 | Lair:2   | Reached skill level 5 in Ice Magic
 11855 | Lair:2   | Reached skill level 5 in Air Magic
 11855 | Lair:2   | Reached skill level 5 in Earth Magic
 11855 | Lair:2   | Reached skill level 5 in Poison Magic
 11860 | Lair:2   | Identified the -3 pair of gloves of Submission {Rampage
                  | rF+++ rC- Dex-4} (Okawaru gifted it to you on level 2 of
                  | the Lair of Beasts)
 11860 | Lair:2   | Received a gift from Okawaru
 11929 | Lair:2   | Noticed a six-headed hydra
 11953 | Lair:2   | Killed a six-headed hydra
 11973 | Lair:1   | Acquired a +4 quick blade
 12584 | Lair:2   | Noticed an oklob plant
 12590 | Lair:2   | Noticed an oklob plant
 12590 | Lair:2   | Noticed an oklob plant
 12590 | Lair:2   | Noticed an oklob plant
 12794 | Lair:2   | Noticed a six-headed hydra
 12802 | Lair:2   | Killed a six-headed hydra
 12934 | Lair:2   | Reached XP level 12. HP: 95/96 MP: 22/22
 13153 | Lair:3   | Received a gift from Okawaru
 13288 | Lair:3   | Noticed a four-headed hydra
 13291 | Lair:3   | Found a staircase to the Snake Pit.
 13300 | Lair:3   | Found a gate leading to a gauntlet.
 13305 | Gauntlet | Entered a Gauntlet
 13305 | Gauntlet | Found a transporter.
 13305 | Gauntlet | Found a transporter.
 13308 | Gauntlet | Found a transporter.
 13309 | Gauntlet | Found a transporter.
 13309 | Gauntlet | Found a transporter.
 13309 | Gauntlet | Found a transporter.
 13322 | Gauntlet | Found a transporter.
 13325 | Gauntlet | Found a transporter.
 13327 | Gauntlet | Noticed a cacodemon
 13330 | Gauntlet | Noticed a hell hog
 13335 | Gauntlet | Found a transporter.
 13337 | Gauntlet | Found a transporter.
 13341 | Gauntlet | Found a transporter.
 13351 | Gauntlet | Found a transporter.
 13514 | Gauntlet | Paralysed by a hornet for 3 turns
 13605 | Gauntlet | Paralysed by a hornet for 1 turns
 13628 | Gauntlet | Identified the ring "Luegaqea" {rC+ AC+4 Dex+6}
 13723 | Gauntlet | Killed a hell hog
 13753 | Gauntlet | Identified the ring "Jeohysa" {Ice Fly rCorr Str-3 Slay+5}
 13770 | Gauntlet | Identified the +6 battleaxe "Zoherioss" {vorpal, rElec}
 13770 | Gauntlet | Noticed a minotaur
 13804 | Gauntlet | Killed a minotaur
 13813 | Gauntlet | Identified the +1 leather armour of the Marlin {rC+++ Str-4
                  | Dex+3 Stlth+}
 14093 | Lair:3   | Reached ****** piety under Okawaru
 14105 | Lair:3   | Noticed a four-headed hydra
 14114 | Lair:3   | Reached skill level 10 in Fighting
 14165 | Lair:3   | Killed a four-headed hydra
 14180 | Lair:3   | Killed a four-headed hydra
 14344 | Lair:3   | Reached skill level 12 in Stealth
 14422 | Lair:3   | Received a gift from Okawaru
 14471 | Lair:3   | Reached XP level 13. HP: 83/103 MP: 24/24
 15433 | Lair:4   | Found a staircase to the Swamp.
 16221 | Lair:5   | Found a dark tunnel.
 16221 | Lair:5   | Noticed Josephine
 16231 | Volcano  | Entered a volcano
 16475 | Volcano  | Identified the +0 hat of the Snail {rF++}
 16713 | Lair:5   | Learned a level 2 spell: Ensorcelled Hibernation
 16970 | Lair:4   | Received a gift from Okawaru
 17312 | Lair:4   | Received a gift from Okawaru
 17410 | Lair:5   | Received a gift from Okawaru
 17429 | Lair:5   | Noticed a dire elephant
 17454 | Lair:4   | Killed a dire elephant
 17455 | Lair:4   | Reached XP level 14. HP: 84/111 MP: 23/26
 17611 | Lair:5   | Received a gift from Okawaru
 17614 | Lair:5   | Reached skill level 10 in Maces & Flails
 17614 | Lair:5   | Reached skill level 10 in Dodging
 17941 | Lair:5   | Killed Josephine
 18363 | Lair:6   | Entered Level 6 of the Lair of Beasts
 18521 | Lair:5   | Reached skill level 10 in Invocations
 19147 | Lair:6   | Learned a level 2 spell: Blink
 19161 | Lair:6   | Received a gift from Okawaru
 19349 | Lair:6   | Reached skill level 13 in Stealth
 19384 | Lair:6   | Found a large runed translucent door.
 19384 | Lair:6   | Found a large runed translucent door.
 20224 | Lair:6   | Found a runed translucent door.
 20224 | Lair:6   | Found a viscous altar of Jiyva.
 20225 | Lair:6   | Found a staircase to the Slime Pits.
 20225 | Lair:6   | Noticed an azure jelly
 20531 | D:8      | Bought a scroll of blinking for 90 gold pieces
 20535 | D:8      | Bought a scroll of identify for 24 gold pieces
 20536 | D:8      | Bought a scroll of teleportation for 36 gold pieces
 20536 | D:8      | Bought a scroll of magic mapping for 42 gold pieces
 20536 | D:8      | Bought a scroll of amnesia for 42 gold pieces
 20775 | D:9      | Reached XP level 15. HP: 119/119 MP: 28/28
 20792 | D:9      | Found Vyuq's Antique Armour Shop.
 20902 | D:9      | Found Raehotuh's Distillery.
 20910 | D:9      | Bought a potion of heal wounds for 50 gold pieces
 20910 | D:9      | Bought a potion of might for 40 gold pieces
 20910 | D:9      | Bought a potion of mutation for 80 gold pieces
 20910 | D:9      | Bought a potion of heal wounds for 50 gold pieces
 20910 | D:9      | Bought a potion of mutation for 80 gold pieces
 20910 | D:9      | Bought 2 potions of heal wounds for 100 gold pieces
 20910 | D:9      | Bought a potion of curing for 30 gold pieces
 20910 | D:9      | Bought a potion of curing for 30 gold pieces
 20910 | D:9      | Bought a potion of curing for 30 gold pieces
 21122 | D:9      | Found Qeled's Antique Weapon Shop.
 21123 | D:9      | Found Kenec's Book Boutique.
 21145 | D:9      | Noticed Maurice
 21152 | D:9      | Killed Maurice
 21175 | D:9      | Found a shimmering blue altar of Sif Muna.
 21195 | D:9      | Identified Sif Muna's Papyrus of the Oath
 21372 | D:9      | Found Johefoagye's Magic Scroll Emporium.
 21395 | D:9      | Bought a scroll of blinking for 112 gold pieces
 21532 | D:10     | Entered Level 10 of the Dungeon
 21535 | D:10     | Found a staircase to the Orcish Mines.
 21880 | D:10     | Identified the +3 long sword of Rubbish {speed, rC+}
 22043 | D:10     | Found a hide-covered altar of Uskayaw.
 22058 | D:10     | Found a portal to a secret trove of treasure.
 22758 | D:10     | You paid a toll of 6 scrolls of blinking to enter a
                  | treasure trove
 22759 | Trove    | Entered a treasure trove
 22766 | Trove    | Identified the ring "Laicvigioh" {Str+2 Int+6 Dex+4 SInv}
 22768 | Trove    | Identified the +0 troll leather armour of Loafi {rElec
                  | Regen+ rCorr Dex+7}
 22774 | Trove    | Identified the amulet "Cenliati" {Acrobat Harm rC+}
 22780 | Trove    | Identified the +3 buckler of the Spheres {Fly}
 22812 | Trove    | Identified the +1 ring mail of the Sailor {Dex+3}
 22867 | Orc:1    | Entered Level 1 of the Orcish Mines
 22969 | Orc:1    | Noticed an orc warlord
 23188 | Orc:1    | Killed an orc warlord
 23451 | Orc:1    | Found a runed translucent door.
 23487 | Orc:1    | Found the +10 tower shield of Ignorance {rN+ Int-4}
 23506 | Orc:1    | Found a runed translucent door.
 23557 | Orc:1    | Learned a level 1 spell: Apportation
 23788 | Orc:2    | Entered Level 2 of the Orcish Mines
 23792 | Orc:2    | Found a staircase to the Elven Halls.
 23901 | Orc:2    | Noticed an orc warlord
 23918 | Orc:2    | Reached skill level 10 in Short Blades
 23918 | Orc:2    | Reached skill level 10 in Long Blades
 23918 | Orc:2    | Reached skill level 10 in Axes
 23918 | Orc:2    | Reached skill level 10 in Polearms
 23918 | Orc:2    | Reached skill level 10 in Staves
 23918 | Orc:2    | Reached skill level 10 in Slings
 23918 | Orc:2    | Reached skill level 10 in Bows
 23918 | Orc:2    | Reached skill level 10 in Crossbows
 23918 | Orc:2    | Reached skill level 10 in Throwing
 23918 | Orc:2    | Reached skill level 10 in Armour
 23918 | Orc:2    | Reached skill level 10 in Shields
 23918 | Orc:2    | Reached skill level 10 in Unarmed Combat
 23918 | Orc:2    | Reached skill level 10 in Spellcasting
 23918 | Orc:2    | Reached skill level 10 in Evocations
 23937 | Orc:1    | Received a gift from Okawaru
 24067 | Orc:2    | Killed an orc warlord
 24156 | Orc:2    | Found Saruu's Distillery.
 24183 | Orc:2    | Noticed an orc warlord
 24190 | Orc:2    | Found Minuoto's Armour Boutique.
 24335 | D:10     | Killed an orc warlord
 25154 | Orc:2    | Found Tiruc's Magic Scroll Shoppe.
 25296 | Orc:2    | Bought a scroll of blinking for 105 gold pieces
 25301 | Orc:2    | Found Qetitoirch's Book Shop.
 25461 | Orc:2    | Found Boesoe's Assorted Antiques.
 25649 | Orc:2    | Found Unerchuo's Magic Scroll Shop.
 25718 | Orc:2    | Bought a scroll of brand weapon for 260 gold pieces
 25839 | Elf:1    | Entered Level 1 of the Elven Halls
 25839 | Elf:1    | Noticed a deep elf sorcerer
 25883 | Elf:1    | Cast into level 3 of the Abyss (a deep elf sorcerer)
 25918 | Abyss:3  | Found a corrupted altar of Lugonu.
 25970 | Abyss:3  | Noticed a tentacled starspawn
 26003 | Abyss:3  | Killed a tentacled starspawn
 26007 | Abyss:3  | Found an opulent altar of Gozag.
 26033 | Abyss:3  | Found an opulent altar of Gozag.
 26037 | Abyss:3  | Noticed a tentacled starspawn
 26045 | Abyss:3  | Killed a tentacled starspawn
 26045 | Abyss:3  | Received a gift from Okawaru
 26045 | Abyss:3  | Received a gift from Okawaru
 26057 | Abyss:3  | Noticed a tentacled starspawn
 26097 | Abyss:3  | Noticed a tentacled starspawn
 26114 | Abyss:3  | Found an opulent altar of Gozag.
 26204 | Abyss:3  | Noticed a bone dragon
 26492 | Abyss:3  | Received a gift from Okawaru
 26504 | Abyss:3  | Reached XP level 16. HP: 93/127 MP: 27/30
 26625 | Abyss:3  | Noticed a tentacled starspawn
 26630 | Elf:1    | Escaped the Abyss
 26820 | Swamp:1  | Entered Level 1 of the Swamp
 27059 | Swamp:1  | Received a gift from Okawaru
 27490 | Swamp:1  | Noticed a fenstrider witch
 27502 | Swamp:1  | Killed a fenstrider witch
 27502 | Swamp:1  | Received a gift from Okawaru
 28370 | Swamp:2  | Noticed a thorn hunter
 28394 | Swamp:2  | Killed a thorn hunter
 28720 | Swamp:2  | Received a gift from Okawaru
 29222 | Swamp:3  | Found a transporter.
 29223 | Swamp:3  | Noticed Essalna's ghost (adept GrEE)
 29237 | Swamp:3  | Found a transporter.
 29266 | Swamp:3  | Reached skill level 14 in Stealth
 29622 | Swamp:3  | Noticed a thorn hunter
 29629 | Swamp:3  | Killed a thorn hunter
 29917 | Swamp:4  | Entered Level 4 of the Swamp
 29917 | Swamp:4  | Noticed a thorn hunter
 29917 | Swamp:4  | Noticed a fenstrider witch
 29958 | Swamp:3  | Killed a thorn hunter
 29995 | Swamp:4  | Killed a fenstrider witch
 30259 | Swamp:4  | Reached XP level 17. HP: 108/135 MP: 32/32
 30516 | Swamp:4  | HP: 3/135 [swamp dragon/blast of poison (7)]
 31324 | Swamp:3  | Killed Essalna's ghost
 31343 | Swamp:3  | Identified the +1 helmet "Giuzurgh" {rCorr Dex+4}
 31347 | Swamp:3  | Identified the +6 fustibalus of the Manifold Deaths {venom,
                  | *Slow Fly rPois Str+4} (Okawaru gifted it to you on level 3
                  | of the Swamp)
 31347 | Swamp:3  | Received a gift from Okawaru
 31378 | Swamp:3  | Acquired 840 gold pieces
 31897 | Swamp:4  | Received a gift from Okawaru
 32005 | Swamp:4  | Got a decaying rune of Zot
 32704 | Snake:1  | Entered Level 1 of the Snake Pit
 32804 | Snake:1  | Reached skill level 10 in Conjurations
 32804 | Snake:1  | Reached skill level 10 in Hexes
 32804 | Snake:1  | Reached skill level 10 in Summonings
 32804 | Snake:1  | Reached skill level 10 in Necromancy
 32804 | Snake:1  | Reached skill level 10 in Translocations
 32804 | Snake:1  | Reached skill level 10 in Transmutations
 32804 | Snake:1  | Reached skill level 10 in Fire Magic
 32804 | Snake:1  | Reached skill level 10 in Ice Magic
 32804 | Snake:1  | Reached skill level 10 in Air Magic
 32804 | Snake:1  | Reached skill level 10 in Earth Magic
 32804 | Snake:1  | Reached skill level 10 in Poison Magic
 33244 | Snake:1  | Received a gift from Okawaru
 33934 | Snake:2  | Found Uteulee Doirgh's Distillery.
 33938 | Snake:2  | Found Bayxkoc's Jewellery Shoppe.
 34328 | Snake:2  | Reached XP level 18. HP: 97/143 MP: 17/33
 35092 | Snake:2  | Received a gift from Okawaru
 35387 | Snake:3  | Noticed Vashnia
 35749 | Snake:3  | Acquired 925 gold pieces
 35976 | Snake:3  | HP: 1/144 [naga sharpshooter/bolt (34)]
 36100 | Snake:3  | Noticed Nikola
 36188 | Snake:3  | Killed Nikola
 36297 | Snake:3  | Found Jemagh's Book Boutique.
 36298 | Snake:3  | Found Lerchyep's Jewellery Shoppe.
 36298 | Snake:3  | Found Eceateh's Jewellery Shoppe.
 36377 | Snake:3  | Killed Vashnia
 36377 | Snake:3  | Received a gift from Okawaru
 37286 | Snake:4  | Entered Level 4 of the Snake Pit
 37612 | Snake:4  | Received a gift from Okawaru
 37640 | Snake:4  | Reached skill level 15 in Stealth
 37811 | Snake:4  | Noticed Bai Suzhen
 37877 | Snake:4  | Killed Bai Suzhen
 37904 | Snake:4  | Received a gift from Okawaru
 37996 | Snake:4  | Reached XP level 19. HP: 144/151 MP: 35/35
 38156 | Snake:4  | Received a gift from Okawaru
 38791 | Snake:4  | Found Viorosk's Magic Scroll Boutique.
 38800 | Snake:4  | Bought a scroll of blinking for 127 gold pieces
 38800 | Snake:4  | Bought a scroll of teleportation for 51 gold pieces
 38800 | Snake:4  | Bought a scroll of teleportation for 51 gold pieces
 38800 | Snake:4  | Bought a scroll of teleportation for 51 gold pieces
 38800 | Snake:4  | Bought a scroll of magic mapping for 59 gold pieces
 38800 | Snake:4  | Bought a scroll of fear for 59 gold pieces
 39483 | Snake:4  | Got a serpentine rune of Zot
 39915 | D:11     | Identified the +6 arbalest of Intimidation {penet, rC+
                  | Dex+3}
 40726 | D:13     | Noticed Nessos
 40733 | D:13     | Killed Nessos
 40733 | D:13     | Received a gift from Okawaru
 40780 | D:13     | Noticed Kirke
 40797 | D:13     | Killed Kirke
 40975 | D:13     | Identified the +8 short sword "Equel" {flame, rC+ Will+
                  | SInv Stlth+} (Okawaru gifted it to you on level 13 of the
                  | Dungeon)
 40975 | D:13     | Received a gift from Okawaru
 40991 | D:13     | Identified the Guide on Creative Conjuration
 41427 | D:13     | Found a gate to the Vaults.
 41896 | Vaults:1 | Entered Level 1 of the Vaults
 42496 | Vaults:1 | Reached XP level 20. HP: 155/160 MP: 37/37
 42519 | Vaults:1 | Received a gift from Okawaru
 42582 | Vaults:1 | HP: 6/160 [yaktaur captain/bolt (43)]
 42648 | Vaults:1 | Received a gift from Okawaru
 42879 | Vaults:1 | Upgraded the game from 0.27-a0-1105-g946c659c87 to
                  | 0.27-a0-1113-gb2b6fe9c5e
 44025 | Vaults:2 | Learned a level 3 spell: Frozen Ramparts
 44320 | Vaults:2 | Received a gift from Okawaru
 44849 | Vaults:2 | Received a gift from Okawaru
 45128 | Vaults:2 | Found Peruytt's Assorted Antiques.
 45164 | Vaults:2 | Bought a scroll of enchant weapon for 360 gold pieces
 45272 | Vaults:2 | Mangled by a vault warden

Illustrated notes

Levels and vault maps discovered:
D:1:      wander_arrival_abandoned_jail, layout_loops_corners,
          ebering_ecumenical_altar_webs
D:2:      layout_basic, basic_altar, serial_shops, shop, uniq_sigmund,
          uniq_natasha
D:3:      kennysheep_slugbush, layout_basic, nicolae_dithmenos_the_darkroom,
          nicolae_hepliaklqana_ecumenical_no_more, grunt_ministairs_14
D:4:      layout_cave_pools, lemuel_tele_altar, kennysheep_mini_moat,
          overflow_temple_1_default, minmay_temple_entry_fiery,
          uniq_crazy_yiuf_cottage
D:5:      layout_cave_pods, kennysheep_little_box, lemuel_doored_altar,
          serial_co_window_serial, co_window_corner_a,
          co_window_of_opportunity_a, co_window_paths_b, co_window_paths_a,
          co_window_paths_a, co_window_unsneaky_path_b,
          co_window_of_opportunity_c, co_window_corner_ca, co_window_broadway_a,
          co_window_broadway_c, co_window_paths_c, co_window_2corner,
          glass_columns_a, glass_columns_b, glass_columns_a, uniq_edmund
D:6:      minmay_opposing_rooms, layout_basic, serial_shops, kennysheep_mini
D:7:      cheibrodos_shockbox, layout_rooms, uniq_duvessa, uniq_maggie,
          uniq_menkaure
D:8:      layout_cave_pods, david_lair_generic, serial_shops, shop
D:9:      layout_stronghold, led_sif_book, serial_shops, shop,
          nicolae_shop_statue_plus, nicolae_shop_waterfront, shop, shop,
          chequers_serial_rivers_large_a, uniq_maurice
D:10:     layout_layer_cave, general_overflow_altar, david_orc_5, enter_trove_1,
          nicolae_lava_and_water, nicolae_underground_beach
D:11:     layout_roguey
D:12:     layout_cave_pools
D:13:     minmay_the_grid_square_5x5_3x3 [minmay_the_grid_square_5x5_forky,
          minmay_the_grid_square_5x5_inverted_slash,
          minmay_the_grid_square_5x5_checkered_sparse,
          minmay_the_grid_square_5x5_empty,
          minmay_the_grid_square_5x5_megaprize_open,
          minmay_the_grid_square_5x5_corner,
          minmay_the_grid_square_5x5_tri_point,
          minmay_the_grid_square_5x5_n_small,
          minmay_the_grid_square_5x5_sharp_hourglass], layout_stronghold,
          lightli_vaults_fourway_checkpoint, uniq_nessos, uniq_kirke
Temple:   dshaligram_water_room_temple
Lair:1:   layout_misc_corridors
Lair:2:   layout_chaotic_city, grunt_megastairs_2, minmay_lair_oklob_chamber
Lair:3:   layout_chaotic_city, guppyfry_snake_entry_island,
          gauntlet_entry_generic, st_stairs_4, grunt_megastairs_5,
          lemuel_fruit_fields, lemuel_fruit_tree
Lair:4:   layout_long_grid, swamp_mist_pool, wad_woods_01
Lair:5:   nzn_winding_woodlands_three_and_one
          [nzn_winding_woodlands_5x15_sawtooth,
          nzn_winding_woodlands_5x15_garden,
          nzn_winding_woodlands_5x15_sidewinder,
          nzn_winding_woodlands_center_pierced_h], layout_misc_corridors,
          nicolae_volcano_entry_lava_flow, uniq_josephine
Lair:6:   cheibrodos_lair_end_hotspot, layout_loops_ring, slime_altar_2,
          minmay_lair_oklob_items
Swamp:1:  layout_basic_swamp, evilmike_swamp_ruin_house_2, swamp_pool3,
          nicolae_swamp_spooky_pond, infiniplex_staircase_pool_2
Swamp:2:  layout_basic_swamp, hangedman_swamp_pad, swamp_pool4,
          nicolae_swamp_oklob_treasure_island
Swamp:3:  layout_basic_swamp, gammafunk_ghost_berserking_beasts,
          hangedman_swamp_cone
Swamp:4:  swamp, layout_basic_swamp, nicolae_swamp_trees_clearing
Snake:1:  layout_grid_shapes
Snake:2:  layout_grid_shapes, minmay_shoptagon, serial_bayou_shore_a
Snake:3:  layout_layer_cave, minmay_shop_grove, grunt_megastairs_1,
          uniq_vashnia, uniq_nikola
Snake:4:  johnstein_snake_rune_scales, layout_concentric_octagons,
          minmay_shop_star, uniq_bai_suzhen
Orc:1:    layout_caves, chequers_guarded_unrand_ignorance
Orc:2:    st_orc_town, layout_caves, serial_shops, shop, nicolae_shop_stone
Elf:1:    minmay_elf_arrival_plus, layout_loops_corners,
          kennysheep_underground_church, serial_sigils_hangedman_scar
Vaults:1: dpeg_vaults_waves, nicolae_vaults_network_star, v_misc_24,
          ontoclasm_vaults_tryst, v_misc_1, hangedman_vaults_capsules,
          vaults_dpeg_hooks, hangedman_vaults_river_flow, grunt_vaults_funnel,
          vaults_room_grid, nicolae_vaults_yaktaur_gun_rack,
          vaults_dpeg_encased_lava, ontoclasm_vaults_twist,
          layout_vaults_omnicross
Vaults:2: vaults_room_pool, nicolae_vaults_display_case,
          blue_anna_dwarven_crypt, hangedman_vaults_trim,
          grunt_vaults_hallway_long, grunt_vaults_bifocal,
          nicolae_vaults_little_squares_6, v_misc_17, v_pattern_4,
          layout_vaults_chaotic_city, serial_shops, shop

Skill      XL: |  1  2  3  4  5  6  7  8  9 10 11 12 13 14 15 16 17 18 19 20 |
---------------+-------------------------------------------------------------+-----
Stealth        | 10 11 12 13 14 15 | 15.9
Invocations    | 1 2 3 4 5 6 7 8 9 10 11 12 13 14 | 14.6
Short Blades   | 1 2 3 4 5 6 7 8 9 10 11 12 13 | 13.5
Long Blades    | 1 2 3 4 5 6 7 8 9 10 11 12 13 | 13.5
Axes           | 1 2 3 4 5 6 7 8 9 10 11 12 13 | 13.5
Polearms       | 1 2 3 4 5 6 7 8 9 10 11 12 13 | 13.5
Staves         | 1 2 3 4 5 6 7 8 9 10 11 12 13 | 13.5
Slings         | 1 2 3 4 5 6 7 8 9 10 11 12 13 | 13.5
Bows           | 1 2 3 4 5 6 7 8 9 10 11 12 13 | 13.5
Crossbows      | 1 2 3 4 5 6 7 8 9 10 11 12 13 | 13.5
Throwing       | 1 2 3 4 5 6 7 8 9 10 11 12 13 | 13.5
Armour         | 1 2 3 4 5 6 7 8 9 10 11 12 13 | 13.5
Shields        | 1 2 3 4 5 6 7 8 9 10 11 12 13 | 13.5
Unarmed Combat | 1 2 3 4 5 6 7 8 9 10 11 12 13 | 13.5
Spellcasting   | 1 2 3 4 5 6 7 8 9 10 11 12 13 | 13.5
Conjurations   | 1 2 3 4 5 6 7 8 9 10 11 | 11.6
Hexes          | 1 2 3 4 5 6 7 8 9 10 11 | 11.6
Summonings     | 1 2 3 4 5 6 7 8 9 10 11 | 11.6
Necromancy     | 1 2 3 4 5 6 7 8 9 10 11 | 11.6
Translocations | 1 2 3 4 5 6 7 8 9 10 11 | 11.6
Transmutations | 1 2 3 4 5 6 7 8 9 10 11 | 11.6
Fire Magic     | 1 2 3 4 5 6 7 8 9 10 11 | 11.6
Ice Magic      | 1 2 3 4 5 6 7 8 9 10 11 | 11.6
Air Magic      | 1 2 3 4 5 6 7 8 9 10 11 | 11.6
Earth Magic    | 1 2 3 4 5 6 7 8 9 10 11 | 11.6
Poison Magic   | 1 2 3 4 5 6 7 8 9 10 11 | 11.6
Evocations     | 1 2 3 4 5 6 7 8 9 10 11 12 13 | 13.5
Maces & Flails | 5 6 7 8 9 10 11 12 13 14 | 14.1
Dodging        | 5 6 7 8 9 10 11 12 13 14 | 14.1
Fighting       | 7 8 9 10 11 12 13 14 | 14.7

Action                   |  1- 3 |  4- 6 |  7- 9 | 10-12 | 13-15 | 16-18 | 19-21 || total
-------------------------+-------+-------+-------+-------+-------+-------+-------++-------
Melee: Mace              |    51 |       |       |       |       |       |       ||    51
       Bite              |     4 |     3 |    32 |   128 |   516 |   407 |   428 ||  1518
       Flail             |    14 |    20 |       |       |       |       |       ||    34
       Dagger            |       |    77 |   375 |   289 |       |       |       ||   741
       Punch             |       |       |     2 |       |       |       |       ||     2
       Quick blade       |       |       |       |   720 |  3256 |  2298 |  1862 ||  8136
       Scimitar          |       |       |       |    46 |       |       |       ||    46
Throw: Dart              |       |     1 |    14 |     6 |       |       |       ||    21
       Javelin           |       |       |       |       |       |       |     2 ||     2
 Cast: Ensorcelled Hiber |       |       |       |       |    70 |    54 |     4 ||   128
       Apportation       |       |       |       |       |     5 |       |       ||     5
       Blink             |       |       |       |       |     1 |     1 |     2 ||     4
       Frozen Ramparts   |       |       |       |       |       |       |     5 ||     5
Invok: Heroism           |       |       |     1 |     3 |     3 |     8 |     2 ||    17
       Finesse           |       |       |       |       |       |     2 |       ||     2
Evoke: Wand              |       |       |       |    19 |     7 |    24 |     6 ||    56
  Use: Scroll            |     1 |     5 |     5 |    12 |    10 |    11 |     9 ||    53
       Potion            |     1 |       |       |     1 |     3 |    19 |     3 ||    27
 Stab: Sleeping          |     4 |    17 |    12 |    13 |    67 |    36 |    31 ||   180
       Invisible         |       |       |     3 |     2 |       |    16 |       ||    21
       Distracted        |       |       |     1 |     1 |     3 |     7 |     9 ||    21
       Paralysed         |       |       |       |     9 |       |     3 |     1 ||    13
Armor: Leather armour    |     3 |       |       |       |       |       |       ||     3
       Scale mail        |       |    21 |   149 |    49 |   456 |   301 |       ||   976
       Steam dragon scal |       |       |       |   170 |    42 |       |       ||   212
       Troll leather arm |       |       |       |       |       |    36 |   114 ||   150
Dodge: Dodged            |    35 |    38 |   164 |   429 |   839 |   720 |   476 ||  2701
Block: Buckler           |       |       |     5 |   173 |   559 |   578 |   380 ||  1695
       Rpst.: Scimitar   |       |       |       |    11 |       |       |       ||    11

Table legend: (Time is in decaauts)
 A = Elapsed time spent in this place.
 B = Non-inter-level travel time spent in this place.
 C = Inter-level travel time spent in this place.
 D = Time resting spent in this place.
 E = Time spent auto-exploring this place.
 F = Levels seen in this place.
 G = Mean time per level.
                   A        B        C        D        E       F      G
               +--------+--------+--------+--------+--------+-----+--------+
         Total |  39672 |  37496 |   2176 |   4931 |  22351 |  37 | 1072.2 |
       Dungeon |  15322 |  14418 |    904 |   2052 |   9671 |  13 | 1178.6 |
        Temple |     53 |     48 |      5 |      0 |     47 |   1 |   53.0 |
          Lair |   7438 |   6851 |    587 |    539 |   4198 |   6 | 1239.7 |
         Swamp |   4892 |   4605 |    287 |    943 |   2469 |   4 | 1223.0 |
     Snake Pit |   5619 |   5454 |    165 |    646 |   3196 |   4 | 1404.8 |
  Orcish Mines |   2109 |   1976 |    133 |    115 |   1072 |   2 | 1054.5 |
   Elven Halls |     68 |     68 |      0 |      0 |     18 |   1 |   68.0 |
        Vaults |   2731 |   2638 |     93 |    367 |   1531 |   2 | 1365.5 |
         Abyss |    598 |    598 |      0 |    194 |      0 |   1 |  598.0 |
         Trove |     67 |     67 |      0 |      0 |      7 |   1 |   67.0 |
       Volcano |    271 |    271 |      0 |      0 |     83 |   1 |  271.0 |
      Gauntlet |    499 |    499 |      0 |     75 |     58 |   1 |  499.0 |
               +--------+--------+--------+--------+--------+-----+--------+

Top non-repeatable levels by time:
     D:3: 2385 daAuts
 Snake:3: 1804 daAuts
     D:5: 1721 daAuts
Vaults:1: 1687 daAuts
 Snake:4: 1666 daAuts
     D:2: 1617 daAuts
  Lair:6: 1504 daAuts
 Swamp:3: 1434 daAuts
  Lair:4: 1431 daAuts
     D:4: 1307 daAuts
     D:6: 1304 daAuts
    D:10: 1303 daAuts
   Orc:2: 1292 daAuts
  Lair:5: 1273 daAuts
  Lair:3: 1209 daAuts
